 Dungeon Crawl Stone Soup version 0.31-a0-931-g7b59d4eb97 (webtiles) character file.

Game seed: 15130454534705193334

79 retardedninja the Firebug (level 4, -5/24 HPs)
             Began as a Gargoyle Fire Elementalist on Oct 19, 2023.
             Slain by an iguana (12 damage)
             ... on level 3 of the Dungeon.
             The game lasted 00:02:57 (3440 turns).

retardedninja the Firebug (GrFE)                    Turns: 3440, Time: 00:02:59

Health: -5/24      AC:  5    Str: 12    XL:     4   Next: 37%
Magic:  4/7        EV: 11    Int: 29    God:
Gold:   192        SH:  0    Dex:  6    Spells: 7/8 levels left

rFire   . . .        q - +3 mace "Zaibb" {flame, Fly rPois Dex-4}
rCold   . . .        (no shield)
rNeg    + . .        a - +0 robe
rPois   ∞            (no helmet)
rElec   +            (no cloak)
rCorr   .            (no gloves)
SInv    .            (no boots)
Will    .....        e - amulet of regeneration
Stlth   ++           c - +6 ring of intelligence
HPRegen 1.04/turn    p - +6 ring of intelligence
MPRegen 0.10/turn

%: no passive effects
@: flying
A: sickness immunity, AC +3, negative energy resistance 1, electricity
resistance, torment resistance 1, petrification resistance
a: no special abilities


You were on level 3 of the Dungeon.
You visited 1 branch of the dungeon, and saw 3 of its levels.

You collected 192 gold pieces.

Inventory:

Hand Weapons
 q - the +3 mace "Zaibb" (weapon) {flame, Fly rPois Dex-4}
   (You found it on level 3 of the Dungeon)

   Dex-4:     It affects your dexterity (-4).
   rPois:     It protects you from poison Fly: It grants you flight.
Armour
 a - a +0 robe (worn)
 i - a +0 cloak
Jewellery
 c - a +6 ring of intelligence (left hand)
 e - an amulet of regeneration (around neck)
 p - a +6 ring of intelligence (right hand)
Wands
 o - a wand of light (10)
Scrolls
 d - a scroll of immolation {unknown}
 f - a scroll of teleportation {unknown}
 k - a scroll of enchant armour {unknown}
 l - a scroll of identify {unknown}
Potions
 b - a potion of magic
 g - a potion of curing {unknown}
 h - 2 potions of degeneration {unknown}
 j - 2 potions of attraction {unknown}
 m - 2 potions of heal wounds {unknown}


   Skills:
 + Level 2.1 Dodging
 + Level 3.0 Stealth
 + Level 2.5 Spellcasting
 + Level 2.1 Conjurations
 + Level 3.5 Fire Magic


You had 7 spell levels left.
You knew the following spells:

 Your Spells              Type           Power      Damage    Failure   Level
a - Foxfire               Conj/Fire      80%        2x1d8     2%          1

Your spell library contained the following spells:

 Spells                   Type           Power      Damage    Failure   Level
 Scorch                   Fire           48%        2d7       3%          2
 Ensorcelled Hibernation  Hex/Ice        6%         N/A       12%         2
 Jinxbite                 Hex            6%         N/A       12%         2
 Inner Flame              Hex/Fire       13%        N/A       12%         3
 Volatile Blastmotes      Fire/Tloc      26%        2d12      12%         3
 Ozocubu's Armour         Ice            3%         N/A       24%         3
 Flame Wave               Conj/Fire      20%        2d7       26%         4
 Anguish                  Hex/Necr       1%         N/A       63%         4
 Ozocubu's Refrigeration  Ice            1%         4d7       100%        7


Dungeon Overview and Level Annotations

Branches:
Dungeon (3/15)

Altars:
Ru


Innate Abilities, Weirdness & Mutations

You are immune to sickness and miasma.
Your stone body is resilient. (AC +3)
You are immune to poison.
You resist negative energy. (rN+)
You are resistant to electric shocks. (rElec)
You are resistant to unholy torment.
You are immune to petrification.


Message History

You don't know that spell.
Unknown command.
Casting: Foxfire (safe; 2% risk of failure)
Confirm with . or Enter, or press ? or * to list all spells.
You don't know that spell.
Unknown command.
Unknown command.
Casting: Foxfire (safe; 2% risk of failure)
Press: ? - help, Q - select action, (/) - cycle Dir - look around, f - activate You conjure some foxfire!
The iguana bites you.
Casting: Foxfire (safe; 2% risk of failure)
Press: ? - help, Q - select action, (/) - cycle Dir - look around, f - activate
There is not enough space to conjure foxfire!
The foxfire hits the iguana but does no damage.
The iguana is heavily wounded.
The iguana bites you but does no damage.
Casting: Foxfire (safe; 2% risk of failure)
Press: ? - help, Q - select action, (/) - cycle Dir - look around, f - activate You conjure some foxfire!
The iguana bites you!
* * * LOW HITPOINT WARNING * * *
The foxfire hits the iguana.
The iguana is heavily wounded.
The iguana barely misses you.
Casting: Foxfire (safe; 2% risk of failure)
Press: ? - help, Q - select action, (/) - cycle Dir - look around, f - activate
Okay, then.
Aiming: Bolt of Light
Press: ? - help, Q - select action, (/) - cycle Shift-Dir - straight line, f - iguana
Aim: an iguana (heavily wounded, 75% to hit)
The bolt of light misses the iguana.
The iguana barely misses you.
Aiming: Bolt of Light
Press: ? - help, Q - select action, (/) - cycle Shift-Dir - straight line, f/p - iguana
Aim: an iguana (heavily wounded, 75% to hit)
The bolt of light misses the iguana.
The iguana bites you!
Ouch! That really hurt!
You die...

.# #........^.##.....####
####........####..[..#######
..##.........###.##..##....#
..##.............##.....##.#
..#######+#.#######.....##.###
#.#######.#.#.......<...+#...#
..........#.............####.#
..########....####.#....# .#
#<....###..#####@..#....# .#
##.##.##.[## #l###....# .#
..†...##.## #.. #.[..# .#
#....>...# ###.#....# .#
#.######## ....... .# #.#
####### #.# ..# ###


You could see an iguana.

Vanquished Creatures
  3 adders
  A worm (D:3)
  A dart slug (D:3)
  4 ball pythons
  3 endoplasms (D:2)
  4 giant cockroaches
  5 goblins
  7 hobgoblins
  A quokka (D:3)
  4 bats (D:1)
  3 frilled lizards (D:2)
  3 kobolds
  7 rats
46 creatures vanquished.

Vanquished Creatures (others)
  250 foxfires
250 creatures vanquished.

Grand Total: 296 creatures vanquished

Notes
Turn   | Place    | Note
-------+----------+-------------------------------------------
     0 | D:1      | retardedninja the Gargoyle Fire Elementalist began the
                  | quest for the Orb.
     0 | D:1      | Reached XP level 1. HP: 10/10 MP: 3/3
   404 | D:1      | Reached XP level 2. HP: 15/15 MP: 3/5
   884 | D:1      | Found a faded altar of an unknown god.
  1536 | D:2      | Reached XP level 3. HP: 19/19 MP: 2/6
  2511 | D:3      | Reached XP level 4. HP: 24/24 MP: 4/7
  3083 | D:3      | Identified the +3 mace "Zaibb" {flame, Fly rPois Dex-4}
  3180 | D:3      | Found a sacrificial altar of Ru.
  3440 | D:3      | Slain by an iguana

Illustrated notes

Levels and vault maps discovered:
D:1:      dpeg_arrival_tiny_d, layout_loops_ring,
          chequers_ecumenical_altar_grove, minivault_23
D:2:      layout_basic
D:3:      layout_basic, nicolae_ru_path_of_blood

Skill      XL: |  1  2  3 |
---------------+----------+-----
Dodging        | 2 |  2.1
Stealth        | 3 |  3.0
Conjurations   | 2 |  2.1
Spellcasting   | |  2.5
Fire Magic     | |  3.5

Action                     |  1- 3 |  4- 6 || total
---------------------------+-------+-------++-------
  Melee: Spear             |     2 |       ||     2
   Cast: Foxfire           |   111 |    45 ||   156
  Evoke: Wand              |       |     2 ||     2
 Armour: Robe              |     3 |     8 ||    11
  Dodge: Dodged            |     5 |     4 ||     9

Table legend: (Time is in decaauts)
 A = Elapsed time spent in this place.
 B = Non-inter-level travel time spent in this place.
 C = Inter-level travel time spent in this place.
 D = Time resting spent in this place.
 E = Time spent auto-exploring this place.
 F = Levels seen in this place.
 G = Mean time per level.
                   A        B        C        D        E       F      G
               +--------+--------+--------+--------+--------+-----+--------+
         Total |   3437 |   3384 |     53 |      0 |   2919 |   3 | 1145.7 |
       Dungeon |   3437 |   3384 |     53 |      0 |   2919 |   3 | 1145.7 |
               +--------+--------+--------+--------+--------+-----+--------+

Top non-repeatable levels by time:
     D:1: 1391 daAuts
     D:2: 1055 daAuts
     D:3: 991 daAuts
